 Dungeon Crawl Stone Soup version 0.29.1-12-g30fa7ad0bf (webtiles) character file.

Game seed: 15484803431658097294

37 wrenrar the Twirler (level 3, -1/31 HPs)
             Began as a Minotaur Gladiator on Jan 8, 2023.
             Slain by a gnoll
             ... wielding a +0 whip
              (2 damage)
             ... on level 2 of the Dungeon.
             The game lasted 00:05:37 (796 turns).

wrenrar the Twirler (Minotaur Gladiator)             Turns: 796, Time: 00:05:37

Health: -1/31      AC:  3    Str: 18    XL:     3   Next: 21%
Magic:  2/2        EV: 12    Int:  5    God:
Gold:   65         SH:  0    Dex: 13    Spells: 2/2 levels left

rFire   . . .      SeeInvis .   a - +0 quarterstaff
rCold   . . .      Faith    .   (shield currently unavailable)
rNeg    . . .      Spirit   .   b - +0 leather armour
rPois   .          Reflect  .   c - +0 hat
rElec   .          Harm     .   (no cloak)
rCorr   .          Rampage  .   (no gloves)
Will    .....                   (no boots)
Stlth   +.........              (no amulet)
HPRegen 0.10/turn               (no ring)
MPRegen 0.08/turn               (no ring)

@: no status effects
A: horns 2, retaliatory headbutt
a: no special abilities


You were on level 2 of the Dungeon.
You visited 1 branch of the dungeon, and saw 2 of its levels.

You collected 65 gold pieces.

Inventory:

Hand Weapons
 a - a +0 quarterstaff (weapon)
Missiles
 e - a javelin
 g - a throwing net
 i - 3 silver javelins (quivered)
Armour
 b - a +0 leather armour (worn)
 c - a +0 hat (worn)
Scrolls
 h - a scroll of enchant weapon {unknown}
 j - a scroll of identify {unknown}
Potions
 d - a potion of lignification {unknown}
 f - a potion of haste {unknown}


   Skills:
 + Level 3.0 Fighting
 + Level 4.0 Staves
 + Level 2.5 Throwing
 + Level 3.7 Dodging


You had 2 spell levels left.
You didn't know any spells.
Your spell library was empty.

Dungeon Overview and Level Annotations

Branches:
Dungeon (2/15)

Altars:


Innate Abilities, Weirdness & Mutations

You have a pair of horns on your head.
You reflexively headbutt those who attack you in melee.


Message History

The gnoll shouts!
A gnoll comes into view. It is wielding a +0 flail.
A rat comes into view.
You see here 5 gold pieces.
The gnoll shouts!
A gnoll comes into view. It is wielding a +0 whip.
Throw: 5 javelins (silver)
Press: ? - help, Q - select action, (/) - cycle Shift-Dir - straight line, f - gnoll
Aim: a gnoll, wielding a +0 spear (61% to hit)
You throw a silver javelin. The gnoll shouts!
The silver javelin pierces through the gnoll!
You kill the gnoll!
The silver javelin pierces through the gnoll.
The gnoll is moderately wounded.
Your Fighting skill increases to level 3!
You have reached level 3!
Your experience leads to an increase in your attributes!
Increase (S)trength, (I)ntelligence, or (D)exterity?
You feel agile. x2
Throw: 4 javelins (silver)
Press: ? - help, Q - select action, (/) - cycle Shift-Dir - straight line, f - gnoll
Aim: a gnoll, wielding a +0 flail (moderately wounded, 63% to hit)
You throw a silver javelin.
The silver javelin pierces through the gnoll.
The gnoll is heavily wounded.
The silver javelin closely misses the gnoll.
The gnoll hits you with a +0 flail!
You hit the gnoll but do no damage. You headbutt the gnoll!
The gnoll is heavily wounded.
The gnoll barely misses you. The gnoll hits you with a +0 flail! x2
* * * LOW HITPOINT WARNING * * *
The gnoll hits you with a +0 whip.
* * * LOW HITPOINT WARNING * * *
The rat closely misses you. You furiously retaliate!
You headbutt the rat!
You kill the rat!
You hit the gnoll. Your headbutt misses the gnoll.
The gnoll is severely wounded.
The gnoll closely misses you. The gnoll hits you with a +0 whip.
You die...

# .#. ####### ..###
### #......# .... ..#
#......# .#+#..# #.#
#......# ..(.... #.#
#......# ......†###.#
#......##
......g@##.###........
......#g..$...........
..... ####.###........
.... #............ ...
#####........ ..
#####......## .
##........###
#.........#
#.........#


You could see 2 gnolls.

Vanquished Creatures
  A gnoll (D:2)
  A bat (D:1)
  An endoplasm (D:1)
  2 giant cockroaches
  3 goblins (D:1)
  4 hobgoblins (D:1)
  3 jackals (D:1)
  A quokka (D:1)
  2 ball pythons (D:1)
  A frilled lizard (D:1)
  3 kobolds (D:1)
  3 rats
25 creatures vanquished.

Notes
Turn   | Place    | Note
-------+----------+-------------------------------------------
     0 | D:1      | wrenrar the Minotaur Gladiator began the quest for the Orb.
     0 | D:1      | Reached XP level 1. HP: 18/18 MP: 0/0
   261 | D:1      | Reached XP level 2. HP: 17/25 MP: 1/1
   608 | D:1      | Reached skill level 4 in Staves
   793 | D:2      | Reached XP level 3. HP: 31/31 MP: 2/2
   795 | D:2      | HP: 1/31 [gnoll/+0 whip (1)]
   796 | D:2      | Slain by a gnoll

Illustrated notes

Levels and vault maps discovered:
D:1:      dpeg_arrival_windows_large_door, layout_rooms, minmay_heptomino_o4
D:2:      layout_basic, minmay_strange_pillars, minmay_stone_trees_small,
          uniq_robin

Skill      XL: |  1  2 |
---------------+-------+-----
Staves         | 4 |  4.0
Fighting       | 3 |  3.0
Throwing       | |  2.5
Dodging        | |  3.7

Action                   || total
-------------------------++-------
Melee: Quarterstaff      ||    42
       Headbutt          ||     4
Throw: Throwing net      ||     8
       Javelin           ||     7
 Stab: Held in net/web   ||     2
Armor: Leather armour    ||    14
Dodge: Dodged            ||    27
